 Dungeon Crawl Stone Soup version 0.27-a0-577-ge2a43ba0c9 (webtiles) character file.

Game seed: 8211230649650106552

3 jasper the Vexing (level 1, 0/10 HPs)
             Began as a Deep Elf Enchanter on Mar 9, 2021.
             Slain by a leopard gecko (3 damage)
             ... on level 1 of the Dungeon.
             The game lasted 00:00:40 (187 turns).

jasper the Vexing (Deep Elf Enchanter)               Turns: 187, Time: 00:00:41

Health: 0/10       AC:  2    Str:  5    XL:     1   Next: 41%
Magic:  5/6        EV: 12    Int: 19    God:
Gold:   13         SH:  0    Dex: 15    Spells: 5/6 levels left

rFire    . . .     SeeInvis .   a - +1 dagger
rCold    . . .     Faith    .   (no shield)
rNeg     . . .     Spirit   .   b - +0 robe
rPois    .         Reflect  .   (no helmet)
rElec    .         Harm     .   (no cloak)
rCorr    .         Rampage  .   (no gloves)
Will     .....                  (no boots)
Stlth    ++........             (no amulet)
HPRegen  0.03/turn              (no ring)
MPRegen  0.10/turn              (no ring)

@: no status effects
A: no striking features
a: no special abilities


You were on level 1 of the Dungeon.
You visited 1 branch of the dungeon, and saw 1 of its levels.

You collected 13 gold pieces.

Inventory:

Hand Weapons
 a - a +1 dagger (weapon)
Armour
 b - a +0 robe (worn)


   Skills:
 - Level 1.0 Short Blades
 + Level 2.5 Dodging
 + Level 3.7 Stealth
 + Level 3.1 Spellcasting
 + Level 4.1 Hexes


You had 5 spell levels left.
You knew the following spells:

 Your Spells              Type           Power      Damage    Failure   Level
a - Corona                Hex            20%        N/A       2%          1

Your spell library contained the following spells:

 Spells                   Type           Power      Damage    Failure   Level
 Confusing Touch          Hex            18%        N/A       9%          3
 Tukima's Dance           Hex            18%        N/A       9%          3
 Ensorcelled Hibernation  Hex/Ice        20%        N/A       10%         2
 Dazzling Flash           Conj/Hex       20%        N/A       19%         3


Dungeon Overview and Level Annotations

Branches:
Dungeon (1/15)

Altars:


Message History

You miscast Corona.
You are very lightly contaminated with residual magic.
Nothing appears to happen.
You now have 5/6 mp.
Aiming: Corona (safe; 2% risk of failure)
Press: ? - help, Q - select action Shift-Dir - straight line, f/p - leopard gecko
Aim: a leopard gecko (chance to affect: 73%)
The leopard gecko is outlined in light.
You now have 4/6 mp.
You barely miss the leopard gecko. The leopard gecko closely misses you.
You hit the leopard gecko.
The leopard gecko is lightly wounded.
The leopard gecko bites you.
Your magical contamination has completely faded away.
You take 1 damage, and have 7/10 hp.
You barely miss the leopard gecko.
The leopard gecko is lightly wounded.
The leopard gecko bites you.
* * * LOW HITPOINT WARNING * * *
You take 4 damage, and have 3/10 hp.
MASSIVE DAMAGE!!
You completely miss the leopard gecko.
The leopard gecko is lightly wounded.
The leopard gecko barely misses you.
The leopard gecko stops glowing.
The leopard gecko misses you. As you open the door, it creaks loudly!
The leopard gecko bites you.
You die...

#.............+
#.......#+#.#######
#.......+.# #.....+
#.......#.# #.....#
#.......#.###..>..#
###...#.#.#.#..<..#
+...+...#.'.....#
#...#.#'#.#######
#...#.l@....+
#...#.###+###
#...#.. #...####


You could see a leopard gecko.

Vanquished Creatures
  A leopard gecko (D:1)
  A hobgoblin (D:1)
2 creatures vanquished.

Notes
Turn   | Place    | Note
-------+----------+-------------------------------------------
     0 | D:1      | jasper the Deep Elf Enchanter began the quest for the Orb.
     0 | D:1      | Reached XP level 1. HP: 10/10 MP: 6/6
   187 | D:1      | Slain by a leopard gecko

Illustrated notes

Levels and vault maps discovered:
D:1:      shiori_arrival_maze, layout_basic

Action                   || total
-------------------------++-------
Melee: Dagger            ||    15
 Cast: Corona            ||     3
Armor: Robe              ||     2
Dodge: Dodged            ||     9

Table legend: (Time is in decaauts)
 A = Elapsed time spent in this place.
 B = Non-inter-level travel time spent in this place.
 C = Inter-level travel time spent in this place.
 D = Time resting spent in this place.
 E = Time spent auto-exploring this place.
 F = Levels seen in this place.
 G = Mean time per level.
                   A        B        C        D        E       F      G
               +--------+--------+--------+--------+--------+-----+--------+
         Total |    186 |    186 |      0 |    121 |     26 |   1 |  186.0 |
       Dungeon |    186 |    186 |      0 |    121 |     26 |   1 |  186.0 |
               +--------+--------+--------+--------+--------+-----+--------+

Top non-repeatable levels by time:
     D:1: 186 daAuts
